 Dungeon Crawl Stone Soup version 0.26-a0-597-gb535b0901c (webtiles) character file.

Game seed: 1473573686182966330

66541 graki42 the Blocker (level 15, -4/178 HPs)
             Began as a Gnoll Enchanter on Aug 27, 2020.
             Was the Champion of Okawaru.
             Slain by an alligator (17 damage)
             ... on level 1 of the Swamp on Aug 28, 2020.
             The game lasted 02:28:31 (27293 turns).

graki42 the Blocker (Gnoll Enchanter)              Turns: 27293, Time: 02:28:33

Health: -4/178     AC: 27    Str: 16    XL:     15   Next: 20%
Magic:  7/29       EV:  2    Int: 19    God:    Okawaru [******]
Gold:   1223       SH:  0    Dex: 21    Spells: 11/35 levels left

rFire    + . .     SeeInvis .   a - +8 dagger (freeze)
rCold    . . .     Faith    .   (no shield)
rNeg     + + +     Spirit   .   (armour currently unavailable)
rPois    +         Reflect  .   (helmet currently unavailable)
rElec    .         Harm     .   (cloak currently unavailable)
rCorr    .         NoTele   +   (gloves currently unavailable)
MR       +....                  (boots currently unavailable)
Stlth    +++++.....             s - amulet of regeneration
HPRegen  0.79/turn              t - +6 ring of strength
MPRegen  0.21/turn              R - ring of protection from fire

@: tree-form, hasted and slowed, studying 2 skills
A: distributed training, strong nose
a: Heroism, Finesse, Renounce Religion


You were on level 1 of the Swamp.
You worshipped Okawaru.
Okawaru was exalted by your worship.
You were a tree.
You visited 5 branches of the dungeon, and saw 22 of its levels.
You also visited: Sewer and Bailey.

You collected 2378 gold pieces.
You spent 1155 gold pieces at shops.

Inventory:

Hand Weapons
 a - a +8 dagger of freezing (weapon)
 b - the +9 longbow of the Mosquito {vorpal, Str+4 SInv}
   (Okawaru gifted it to you on level 1 of the Lair of Beasts)

   Any arrow fired from it inflicts extra damage.
   It affects your strength (+4).
   It lets you see invisible.
Missiles
 u - 113 arrows
 w - 8 curare-tipped darts (quivered)
 J - 15 atropa-tipped darts
 L - 3 throwing nets
Armour
 c - a scarf of repulsion (melded)
 e - a +2 ring mail of poison resistance (melded)
 y - a +1 helmet (melded)
 B - a +1 pair of gloves (melded)
 N - a +1 pair of boots of rampaging (melded)
Jewellery
 s - an amulet of regeneration (around neck)
 t - a +6 ring of strength (left branch)
 O - an uncursed ring of resist corrosion
 R - a ring of protection from fire (right branch)
Wands
 E - a wand of polymorph (31)
 H - a wand of acid (28)
 K - a wand of disintegration (9)
 P - a wand of enslavement (6)
 Q - a wand of iceblast (7)
Scrolls
 g - 12 scrolls of remove curse
 k - 5 scrolls of fog
 l - 4 scrolls of identify
 m - a scroll of magic mapping
 o - 5 scrolls of teleportation
 v - 3 scrolls of fear
Potions
 d - 9 potions of curing
 i - 4 potions of stabbing
 j - 2 potions of heal wounds
 n - a potion of haste
 x - 3 potions of flight
 W - a potion of resistance
Books
 S - a manual of Shields
 T - a manual of Fighting
Miscellaneous
 q - a lightning rod (4/4)
 Z - a tin of tremorstones (3/3)


   Skills:
 + Level 11.5 Fighting
 + Level 10.0 Short Blades
 + Level 9.6 Long Blades
 + Level 9.6 Axes
 + Level 9.6 Maces & Flails
 + Level 9.6 Polearms
 + Level 9.6 Staves
 + Level 9.6 Slings
 + Level 9.6 Bows
 + Level 9.6 Crossbows
 + Level 9.6 Throwing
 + Level 9.6 Armour
 + Level 10.6 Dodging
 + Level 11.2 Stealth
 + Level 11.5 Shields
 + Level 9.6 Unarmed Combat
 + Level 10.8 Spellcasting
 + Level 8.1 Conjurations
 + Level 9.8 Hexes
 + Level 8.1 Summonings
 + Level 8.1 Necromancy
 + Level 8.1 Translocations
 + Level 8.1 Transmutations
 + Level 8.1 Fire Magic
 + Level 8.1 Ice Magic
 + Level 8.1 Air Magic
 + Level 8.1 Earth Magic
 + Level 8.1 Poison Magic
 + Level 10.5 Invocations
 + Level 9.6 Evocations


You had 11 spell levels left.
You knew the following spells:

 Your Spells              Type           Power        Failure   Level
a - Corona                Hex            #####..      1%          1
b - Ensorcelled Hibernat  Hex/Ice        #####.       1%          2
c - Confusing Touch       Hex            #####...     1%          3
d - Tukima's Dance        Hex            #####...     1%          3
e - Dazzling Flash        Conj/Hex       #####.       1%          3
f - Apportation           Tloc           #####.       1%          1
g - Passwall              Tmut/Erth      #####...     1%          2
h - Swiftness             Air            #####...     1%          2
i - Summon Guardian Gole  Hex/Summ       #####...     1%          3
j - Summon Ice Beast      Ice/Summ       #####...     2%          4

Your spell library contained the following spells:

 Spells                   Type           Power        Failure   Level
 Animate Skeleton         Necr           #####.       1%          1
 Foxfire                  Conj/Fire      ####         1%          1
 Magic Dart               Conj           ####         1%          1
 Summon Small Mammal      Summ           ####         1%          1
 Call Imp                 Summ           #####...     1%          2
 Searing Ray              Conj           #####.       1%          2
 Call Canine Familiar     Summ           #####...     1%          3
 Conjure Flame            Conj/Fire      #####...     1%          3
 Inner Flame              Hex/Fire       #####...     1%          3
 Fulminant Prism          Conj/Hex       #####.....   1%          4
 Iskenderun's Mystic Bla  Conj/Tloc      #####...     2%          4
 Passage of Golubria      Tloc           N/A          2%          4
 Sticky Flame             Conj/Fire      #####...     2%          4
 Summon Lightning Spire   Summ/Air       #####...     2%          4
 Fireball                 Conj/Fire      #####.....   7%          5
 Lee's Rapid Deconstruct  Erth           #####.....   7%          5
 Invisibility             Hex            #####...     19%         6


Dungeon Overview and Level Annotations

Branches:
Dungeon (12/15)            Temple (1/1) D:7            Lair (6/6) D:8
  Swamp (1/4) Lair:3        Snake (0/4) Lair:2        Slime (0/5) Lair:5
    Orc (2/2) D:9             Elf (0/3) Orc:2         Sewer (visited)
 Bailey (visited)

Altars:
Ashenzari
Cheibriados
Dithmenos
Elyvilon
Fedhas
Gozag
Hepliaklqana
Kikubaaqudgha
Makhleb
Nemelex Xobeh
Okawaru
Qazlal
Ru
Sif Muna
Trog
Uskayaw
Vehumet
Wu Jian
Xom
Yredelemnul
Zin
The Shining One
Beogh

Shops:
D:4 *   Orc:2 :=((


Innate Abilities, Weirdness & Mutations

Your experience applies equally to all skills.
((You have very sharp teeth.))
Your uncanny sense of smell can sniff out nearby items.


Message History

The vampire mosquito bites you but does no damage.
The alligator bites you but does no damage.
The alligator tail-slaps you but does no damage.
Unknown command.
You catch the helpless tyrant leech completely off-guard!
You skewer the tyrant leech like a kebab!!!
You freeze the tyrant leech!!
You kill the tyrant leech!
Okawaru accepts your kill.
The vampire mosquito bites you but does no damage.
The alligator bites you but does no damage.
The alligator tail-slaps you but does no damage.
You feel yourself speed up.
The vampire mosquito bites you but does no damage. x2
The alligator bites you but does no damage.
The alligator tail-slaps you but does no damage.
The vampire mosquito bites you.
* * * LOW HITPOINT WARNING * * *
The alligator bites you!
You die...

......≈♣≈.. . ≈ ≈
....§≈≈§.#.#.♣ ♣...♣..#
#...≈.≈.#.?.♣ ♣≈≈.≈..#
#.≈...≈...#.♣
♣♣≈≈....###...≈......y♣
♣.≈≈.≈.......≈.......y♣
♣....≈≈.......≈..###..
♣.≈≈≈≈≈.##.#†....##
♣♣.≈≈≈≈...#Y♣t.........
♣≈.≈≈≈≈[....8y##.#....t
♣♣≈≈≈≈≈..†..#.[#..#.#.... ♣
♣♣..≈....♣♣♣....#..#......
♣♣♣..≈..♣♣♣♣♣.♣.........≈.♣♣
♣♣..≈.♣♣♣ ♣≈.....≈≈≈§...♣♣
♣.≈.§♣♣ ♣♣≈≈.§§♣≈♣..≈.≈
.≈≈♣♣♣ ♣♣.≈........... ♣♣♣♣
♣≈..≈....≈≈.≈≈.


You could see an alligator (swift), a vampire mosquito, a friendly guardian
golem (summoned) and a friendly ice beast (summoned, sheltered).

Vanquished Creatures
  Kirke (Lair:6)
  A stone giant (Orc:2)
  A fire dragon (Lair:6)
  Harold (D:8)
  An ice dragon (D:12)
  6 hydras
  2 two-headed ogres
  2 alligators (Swamp:1)
  3 death yaks (D:8)
  A swamp dragon (Swamp:1)
  A lindwurm (Lair:6)
  An orc knight (Bailey)
  3 oklob plants (Lair:5)
  2 cyclopes
  6 orc sorcerers (Orc:2)
  7 black mambas
  Psyche (D:9)
  Joseph (D:9)
  3 molten gargoyles (Lair:6)
  10 cane toads
  Maggie (D:7)
  8 komodo dragons
  2 polar bears
  Grinder (D:3)
  A troll (Orc:2)
  A tyrant leech (Swamp:1)
  5 hippogriffs
  Prince Ribbit (D:6)
  2 bog bodies
  7 blink frogs
  Sigmund (D:6)
  A vampire (D:9)
  2 shadows (D:9)
  3 hogs (Lair:5)
  4 wyverns
  Eustachio (D:6)
  A wraith (D:9)
  4 basilisks
  23 yaks
  Grum (D:8)
  2 steam dragons (Lair:6)
  Edmund (D:6)
  5 wargs
  2 swamp worms (Swamp:1)
  A soldier ant (D:11)
  5 hell hounds (Lair:6)
  3 porcupines
  11 water moccasins
  4 ice beasts
  3 sky beasts
  28 orc warriors
  2 black bears
  A necrophage (D:12)
  10 ogres
  3 phantoms
  21 wolves
  3 centaurs
  9 crocodiles
  A big kobold (Sewer)
  17 bullfrogs
  2 gnoll sergeants
  2 troll zombies (D:9)
  4 scorpions
  6 killer bees (D:7)
  9 wights
  2 electric eels (D:8)
  4 howler monkeys
  3 bullfrog zombies
  5 lava snakes (Lair:6)
  6 hounds
  2 centaur zombies
  3 jellies
  45 orc wizards
  25 orc priests
  A bullfrog skeleton (D:5)
  3 iguanas
  Terence (D:3)
  Jessica (D:3)
  Natasha (thrice) (D:3)
  6 hell rats (Lair:4)
  6 worker ants
  2 killer bee zombies
  4 ogre zombies (D:9)
  2 hound zombies
  2 hound skeletons
  A worker ant zombie (D:5)
  12 gnolls
  10 adders
  2 river rats (D:5)
  3 shadow imps
  2 white imps (D:5)
  An ufetubus (D:6)
  3 oozes
  An adder skeleton (D:5)
  An adder zombie (D:9)
  4 worms
  4 dart slugs (D:1)
  7 leopard geckos
  108 orcs
  2 ball pythons
  6 giant cockroaches
  2 gnoll zombies (D:7)
  9 goblins
  5 hobgoblins
  10 jackals
  4 quokkas
  5 bats
  4 frilled lizards
  A giant cockroach zombie (D:5)
  3 goblin zombies (D:9)
  3 hobgoblin zombies (D:9)
  15 kobolds
  A leopard gecko zombie (D:6)
  An orc skeleton (D:9)
  12 orc zombies (D:9)
  2 quokka skeletons
  2 quokka zombies
  19 rats
  A butterfly (Lair:5)
671 creatures vanquished.

Vanquished Creatures (collateral kills)
  A vampire mosquito (Swamp:1)
1 creature vanquished.

Vanquished Creatures (others)
  An orc sorcerer (Orc:2)
  A dancing weapon (Lair:6)
  A human (Lair:6)
  An orc wizard (Orc:2)
  20 fungi
  26 plants
50 creatures vanquished.

Grand Total: 722 creatures vanquished

Notes
Turn   | Place    | Note
-------+----------+-------------------------------------------
     0 | D:1      | graki42 the Gnoll Enchanter began the quest for the Orb.
     0 | D:1      | Reached XP level 1. HP: 13/13 MP: 6/6
   138 | D:1      | Reached XP level 2. HP: 5/20 MP: 5/7
   387 | D:1      | Learned a level 2 spell: Ensorcelled Hibernation
   679 | D:1      | Reached XP level 3. HP: 14/25 MP: 1/9
   690 | D:1      | Reached skill level 5 in Spellcasting
  1002 | D:1      | Learned a level 3 spell: Confusing Touch
  1006 | D:1      | Learned a level 3 spell: Tukima's Dance
  1010 | D:1      | Learned a level 3 spell: Dazzling Flash
  1088 | D:1      | Reached skill level 1 in Invocations
  1414 | D:2      | Reached skill level 1 in Fighting
  1414 | D:2      | Reached skill level 1 in Long Blades
  1414 | D:2      | Reached skill level 1 in Axes
  1414 | D:2      | Reached skill level 1 in Maces & Flails
  1414 | D:2      | Reached skill level 1 in Polearms
  1414 | D:2      | Reached skill level 1 in Staves
  1414 | D:2      | Reached skill level 1 in Slings
  1414 | D:2      | Reached skill level 1 in Bows
  1414 | D:2      | Reached skill level 1 in Crossbows
  1414 | D:2      | Reached skill level 1 in Throwing
  1414 | D:2      | Reached skill level 1 in Armour
  1414 | D:2      | Reached skill level 1 in Shields
  1414 | D:2      | Reached skill level 1 in Unarmed Combat
  1414 | D:2      | Reached skill level 1 in Evocations
  1522 | D:2      | Found an ornate altar of the Wu Jian Council.
  1747 | D:2      | Reached XP level 4. HP: 32/32 MP: 11/11
  2322 | D:2      | Reached skill level 1 in Conjurations
  2322 | D:2      | Reached skill level 1 in Summonings
  2322 | D:2      | Reached skill level 1 in Necromancy
  2322 | D:2      | Reached skill level 1 in Translocations
  2322 | D:2      | Reached skill level 1 in Transmutations
  2322 | D:2      | Reached skill level 1 in Fire Magic
  2322 | D:2      | Reached skill level 1 in Ice Magic
  2322 | D:2      | Reached skill level 1 in Air Magic
  2322 | D:2      | Reached skill level 1 in Earth Magic
  2322 | D:2      | Reached skill level 1 in Poison Magic
  2486 | D:3      | Reached XP level 5. HP: 37/37 MP: 12/12
  2843 | D:3      | Noticed Terence
  2868 | D:3      | Killed Terence
  2907 | D:3      | Noticed Grinder
  2920 | D:3      | Killed Grinder
  2920 | D:3      | Reached skill level 5 in Dodging
  2920 | D:3      | Reached XP level 6. HP: 19/44 MP: 10/14
  3285 | D:3      | Reached XP level 7. HP: 50/50 MP: 10/15
  3401 | D:3      | Noticed Natasha
  3404 | D:3      | Killed Natasha
  3442 | D:3      | Noticed Natasha
  3456 | D:3      | Killed Natasha
  3640 | D:3      | Noticed Jessica
  3650 | D:3      | Killed Jessica
  3652 | D:3      | Noticed Natasha
  3662 | D:3      | Killed Natasha
  4199 | D:4      | Found Nouf's Assorted Antiques.
  4239 | D:4      | Reached XP level 8. HP: 49/57 MP: 13/16
  4809 | D:5      | Entered Level 5 of the Dungeon
  4833 | D:5      | Found a glowing drain.
  5069 | Sewer    | Entered a sewer
  5236 | Sewer    | Found a white marble altar of Elyvilon.
  5399 | D:5      | Found an iron altar of Okawaru.
  5426 | D:5      | Became a worshipper of Warmaster Okawaru
  6151 | D:6      | Noticed Prince Ribbit
  6157 | D:6      | Killed Prince Ribbit
  6157 | D:6      | Reached * piety under Okawaru
  6157 | D:6      | Reached XP level 9. HP: 53/65 MP: 14/18
  6484 | D:6      | Reached skill level 5 in Short Blades
  6507 | D:6      | Noticed Eustachio
  6515 | D:6      | Noticed Edmund
  6516 | D:6      | Killed Eustachio
  6516 | D:6      | Reached ** piety under Okawaru
  6527 | D:6      | Killed Edmund
  6733 | D:6      | Found a basalt altar of Yredelemnul.
  6802 | D:6      | Reached skill level 5 in Invocations
  6861 | D:6      | Noticed Sigmund
  6929 | D:6      | Killed Sigmund
  7415 | D:7      | Reached XP level 10. HP: 62/73 MP: 15/20
  7435 | D:7      | Reached *** piety under Okawaru
  7709 | D:7      | Reached skill level 5 in Fighting
  7709 | D:7      | Reached skill level 5 in Long Blades
  7709 | D:7      | Reached skill level 5 in Axes
  7709 | D:7      | Reached skill level 5 in Maces & Flails
  7709 | D:7      | Reached skill level 5 in Polearms
  7709 | D:7      | Reached skill level 5 in Staves
  7709 | D:7      | Reached skill level 5 in Slings
  7709 | D:7      | Reached skill level 5 in Bows
  7709 | D:7      | Reached skill level 5 in Crossbows
  7709 | D:7      | Reached skill level 5 in Throwing
  7709 | D:7      | Reached skill level 5 in Armour
  7709 | D:7      | Reached skill level 5 in Shields
  7709 | D:7      | Reached skill level 5 in Unarmed Combat
  7709 | D:7      | Reached skill level 5 in Evocations
  7776 | D:7      | Found a staircase to the Ecumenical Temple.
  7792 | Temple   | Entered the Ecumenical Temple
  7874 | D:7      | Noticed a two-headed ogre
  7899 | D:7      | Killed a two-headed ogre
  7922 | D:7      | Noticed Maggie
  7951 | D:7      | Killed Maggie
  8145 | D:7      | Found a hide-covered altar of Uskayaw.
  8194 | D:7      | Reached **** piety under Okawaru
  8940 | D:7      | Found a basalt altar of Yredelemnul.
  9336 | D:8      | Received a gift from Okawaru
  9357 | D:8      | Found a shattered altar of Ashenzari.
  9357 | D:8      | Found a hide-covered altar of Uskayaw.
  9362 | D:8      | Found a sparkling altar of Nemelex Xobeh.
  9364 | D:8      | Found an ancient bone altar of Kikubaaqudgha.
  9366 | D:8      | Found a shimmering blue altar of Sif Muna.
  9399 | D:8      | Noticed a death yak
  9409 | D:8      | Noticed a death yak
  9484 | D:8      | Found a staircase to the Lair.
  9635 | D:8      | Found an opulent altar of Gozag.
  9638 | D:8      | Noticed a two-headed ogre
  9640 | D:8      | Noticed Harold
  9654 | D:8      | Killed a two-headed ogre
  9666 | D:8      | Killed Harold
  9666 | D:8      | Reached XP level 11. HP: 30/81 MP: 7/22
 10228 | D:8      | Noticed Grum
 10237 | D:8      | Killed Grum
 10240 | D:8      | Received a gift from Okawaru
 10243 | D:8      | Reached skill level 5 in Conjurations
 10243 | D:8      | Reached skill level 5 in Summonings
 10243 | D:8      | Reached skill level 5 in Necromancy
 10243 | D:8      | Reached skill level 5 in Translocations
 10243 | D:8      | Reached skill level 5 in Transmutations
 10243 | D:8      | Reached skill level 5 in Fire Magic
 10243 | D:8      | Reached skill level 5 in Ice Magic
 10243 | D:8      | Reached skill level 5 in Air Magic
 10243 | D:8      | Reached skill level 5 in Earth Magic
 10243 | D:8      | Reached skill level 5 in Poison Magic
 10417 | D:8      | Noticed a death yak
 10757 | D:8      | Killed a death yak
 10757 | D:8      | Reached ***** piety under Okawaru
 11154 | D:8      | Killed a death yak
 11661 | D:9      | Found a shadowy altar of Dithmenos.
 11808 | D:9      | Noticed Joseph
 11829 | D:9      | Killed Joseph
 12148 | D:8      | Found a staircase to the Lair.
 12184 | D:8      | Killed a death yak
 12184 | D:8      | Received a gift from Okawaru
 12447 | D:8      | Found an opulent altar of Gozag.
 12675 | D:8      | Found a shattered altar of Ashenzari.
 12675 | D:8      | Found a hide-covered altar of Uskayaw.
 12680 | D:8      | Found a sparkling altar of Nemelex Xobeh.
 12682 | D:8      | Found an ancient bone altar of Kikubaaqudgha.
 12684 | D:8      | Found a shimmering blue altar of Sif Muna.
 13039 | D:9      | Found a staircase to the Orcish Mines.
 13489 | D:9      | Found a bloodstained altar of Trog.
 13524 | D:9      | Noticed Psyche
 13539 | D:9      | Killed Psyche
 13889 | D:10     | Entered Level 10 of the Dungeon
 13944 | D:10     | Found a flagged portal.
 13953 | Bailey   | Entered a bailey
 14877 | Bailey   | Reached XP level 12. HP: 61/89 MP: 20/24
 15407 | D:10     | Got an ichor-stained halberd
 15432 | D:11     | You fall into a shaft and drop 1 floor!
 15611 | D:12     | Identified the +3 halberd of Putrescence {drain, Str+3}
                  | (You found it on level 10 of the Dungeon)
 15615 | D:12     | Noticed a five-headed hydra
 15667 | D:12     | Killed a five-headed hydra
 15720 | D:12     | Noticed an ice dragon
 15744 | D:12     | Killed an ice dragon
 16697 | Lair:1   | Entered Level 1 of the Lair of Beasts
 16708 | Lair:1   | Identified a scroll of acquirement
 16708 | Lair:1   | Acquired a +1 pair of boots of rampaging
 16829 | Lair:1   | Reached skill level 10 in Stealth
 16829 | Lair:1   | Reached XP level 13. HP: 100/100 MP: 26/26
 16918 | Lair:1   | Received a gift from Okawaru
 16929 | Lair:1   | Got an iridescent longbow {god gift}
 16930 | Lair:1   | Identified the +9 longbow of the Mosquito {vorpal, Str+4
                  | SInv} (Okawaru gifted it to you on level 1 of the Lair of
                  | Beasts)
 17060 | Lair:1   | Reached ****** piety under Okawaru
 18105 | Lair:2   | Found a shimmering blue altar of Sif Muna.
 18175 | Lair:2   | Found a staircase to the Snake Pit.
 18180 | Lair:2   | Received a gift from Okawaru
 19073 | Lair:3   | Received a gift from Okawaru
 19149 | Lair:3   | Reached XP level 14. HP: 109/109 MP: 24/27
 19335 | Lair:3   | Found a staircase to the Swamp.
 19786 | Lair:4   | You fall into a shaft and drop 1 floor!
 20107 | Lair:4   | Reached skill level 10 in Spellcasting
 20197 | Lair:4   | Reached skill level 10 in Shields
 20315 | Lair:4   | Reached skill level 10 in Fighting
 21235 | Lair:5   | Noticed Kirke
 21249 | Lair:5   | Noticed a sphinx
 21272 | Lair:5   | Found a staircase to the Slime Pits.
 21274 | Lair:5   | Reached skill level 10 in Dodging
 21610 | Lair:5   | Noticed a sphinx
 21625 | Lair:6   | Entered Level 6 of the Lair of Beasts
 21635 | Lair:6   | Killed Kirke
 21947 | Lair:5   | Found a staircase to the Slime Pits.
 23368 | Lair:6   | Received a gift from Okawaru
 23373 | Lair:6   | Got a dazzling short sword {god gift}
 23421 | Lair:6   | Identified the +6 short sword "ETAOIN SHRDLU" {vorpal, MR+}
                  | (Okawaru gifted it to you on level 6 of the Lair of Beasts)
 23491 | Lair:6   | Reached skill level 10 in Invocations
 23641 | Lair:6   | Found a large runed translucent door.
 23642 | Lair:6   | Found a large runed translucent door.
 24570 | Orc:1    | Entered Level 1 of the Orcish Mines
 24606 | Orc:2    | Entered Level 2 of the Orcish Mines
 24924 | Orc:2    | Received a gift from Okawaru
 25019 | Orc:2    | Found a roughly hewn altar of Beogh.
 25175 | Orc:2    | Found Ycaunor's Jewellery Emporium.
 25374 | Orc:2    | Received a gift from Okawaru
 25395 | Orc:2    | Found Qatoll's Book Boutique.
 25526 | Orc:2    | Reached XP level 15. HP: 107/119 MP: 29/29
 25632 | Orc:2    | Received a gift from Okawaru
 25639 | Orc:2    | Found a staircase to the Elven Halls.
 25828 | Orc:2    | Found Itrody's Weapon Emporium.
 25828 | Orc:2    | Found Josuaber's Weapon Boutique.
 26339 | Orc:1    | Found a bloodstained altar of Trog.
 26994 | Orc:2    | Bought a book of Burglary for 825 gold pieces
 26994 | Orc:2    | Bought a book of Callings for 330 gold pieces
 26996 | Orc:2    | Learned a level 1 spell: Apportation
 26999 | Orc:2    | Learned a level 2 spell: Passwall
 27002 | Orc:2    | Learned a level 2 spell: Swiftness
 27006 | Orc:2    | Learned a level 3 spell: Summon Guardian Golem
 27011 | Orc:2    | Learned a level 4 spell: Summon Ice Beast
 27180 | Swamp:1  | Entered Level 1 of the Swamp
 27220 | Swamp:1  | Received a gift from Okawaru
 27228 | Swamp:1  | Reached skill level 10 in Short Blades
 27293 | Swamp:1  | Slain by an alligator

Illustrated notes

Levels and vault maps discovered:
D:1:      sevenhm_arrival_forest_fort_large_2, layout_loops_cross
D:2:      layout_loops_ring, lemuel_doored_altar, minmay_pentomino_s2
D:3:      layout_rooms, palyth_stone_intersect, uniq_terence, uniq_jessica,
          uniq_natasha, uniq_grinder
D:4:      layout_rooms, serial_shops, nicolae_shop_stone, corner_web_ring,
          grunt_tough_drop
D:5:      layout_loops_ring, portal_sewer_entry_a, okawaru_metal_pillars_3
D:6:      layout_basic, lemuel_statue_altar, uniq_edmund, uniq_eustachio,
          uniq_prince_ribbit1, uniq_sigmund
D:7:      layout_basic, lemuel_zombie_altar_yredelemnul,
          minmay_temple_entry_mist, lemuel_tele_altar, uniq_maggie
D:8:      layout_gridville, chequers_temple_overflow_minitemple,
          dpeg_lair_monsters, minmay_crystal_water, grunt_gozag_statues,
          uniq_harold, uniq_grum
D:9:      layout_basic, old_standard_altar, nicolae_overflow_crystal_walls,
          zombieorc1_lemuel, minmay_sticks_and_stones, uniq_psyche
D:10:     layout_cross, enter_bailey_2, chequers_serial_rivers_room_a,
          minmay_between
D:11:     layout_cave_pools
D:12:     dragon1_lemuel, layout_irregular_city
Temple:   cyrus_circular_temple
Lair:1:   layout_regular_city, serial_bayou_shore_a
Lair:2:   layout_misc_corridors, dummy_snake_entry, basic_altar
Lair:3:   layout_regular_city, skrybe_swamp_entry_bodies
Lair:4:   layout_regular_city
Lair:5:   layout_concentric_octagons, minmay_slime_entry_oklob_enclosed,
          lemuel_fruit_fields, infiniplex_staircase_pool_2, grunt_megastairs_3,
          uniq_kirke
Lair:6:   cheibrodos_lair_end_hotspot, layout_cave_pods
Swamp:1:  layout_falls_marsh, gammafunk_ghost_arena, serial_swamp_ruin,
          evilmike_swamp_ruin_rubble_2, evilmike_swamp_ruin_house_5,
          evilmike_swamp_ruin_house_6, swamp_pool5
Orc:1:    layout_diamond_mine, trog_hazing_becter
Orc:2:    st_orc_town, layout_diamond_mine

Skill      XL: |  1  2  3  4  5  6  7  8  9 10 11 12 13 14 15 |
---------------+----------------------------------------------+-----
Spellcasting   | 5 6 7 8 9 10 | 10.8
Stealth        | 6 7 8 9 10 11 | 11.2
Invocations    | 1 2 3 4 5 6 7 8 9 10 | 10.5
Fighting       | 1 2 3 4 5 6 8 9 11 | 11.5
Long Blades    | 1 2 3 4 5 6 8 9 |  9.6
Axes           | 1 2 3 4 5 6 8 9 |  9.6
Maces & Flails | 1 2 3 4 5 6 8 9 |  9.6
Polearms       | 1 2 3 4 5 6 8 9 |  9.6
Staves         | 1 2 3 4 5 6 8 9 |  9.6
Slings         | 1 2 3 4 5 6 8 9 |  9.6
Bows           | 1 2 3 4 5 6 8 9 |  9.6
Crossbows      | 1 2 3 4 5 6 8 9 |  9.6
Throwing       | 1 2 3 4 5 6 8 9 |  9.6
Armour         | 1 2 3 4 5 6 8 9 |  9.6
Shields        | 1 2 3 4 5 6 8 9 11 | 11.5
Unarmed Combat | 1 2 3 4 5 6 8 9 |  9.6
Evocations     | 1 2 3 4 5 6 8 9 |  9.6
Conjurations   | 1 2 3 4 5 6 7 8 |  8.1
Summonings     | 1 2 3 4 5 6 7 8 |  8.1
Necromancy     | 1 2 3 4 5 6 7 8 |  8.1
Translocations | 1 2 3 4 5 6 7 8 |  8.1
Transmutations | 1 2 3 4 5 6 7 8 |  8.1
Fire Magic     | 1 2 3 4 5 6 7 8 |  8.1
Ice Magic      | 1 2 3 4 5 6 7 8 |  8.1
Air Magic      | 1 2 3 4 5 6 7 8 |  8.1
Earth Magic    | 1 2 3 4 5 6 7 8 |  8.1
Poison Magic   | 1 2 3 4 5 6 7 8 |  8.1
Short Blades   | 3 4 5 6 7 8 9 10 | 10.0
Dodging        | 5 6 7 8 9 10 | 10.6
Hexes          | 6 7 8 9 |  9.8

Action                   |  1- 3 |  4- 6 |  7- 9 | 10-12 | 13-15 || total
-------------------------+-------+-------+-------+-------+-------++-------
Melee: Dagger            |   140 |   116 |   512 |   564 |   688 ||  2020
       Bite              |     8 |     8 |    77 |    82 |   123 ||   298
       Punch             |       |     1 |    16 |    29 |    31 ||    77
       Quarterstaff      |       |       |       |       |   179 ||   179
 Fire: Longbow           |       |       |       |       |     9 ||     9
Throw: Dart              |       |       |       |    33 |     3 ||    36
 Cast: Corona            |     6 |     4 |     2 |     2 |       ||    14
       Ensorcelled Hiber |    11 |    10 |    57 |   105 |   101 ||   284
       Confusing Touch   |       |     5 |    25 |    41 |    25 ||    96
       Dazzling Flash    |       |       |     5 |    30 |    21 ||    56
       Tukima's Dance    |       |       |       |     3 |     1 ||     4
       Summon Ice Beast  |       |       |       |       |     2 ||     2
       Summon Guardian G |       |       |       |       |     2 ||     2
Invok: Heroism           |       |       |       |     3 |     1 ||     4
       Finesse           |       |       |       |       |     1 ||     1
Evoke: Wand              |       |       |       |     5 |       ||     5
  Use: Scroll            |       |       |    12 |    19 |    10 ||    41
       Potion            |       |       |     2 |     4 |     8 ||    14
 Stab: Sleeping          |    14 |    14 |    50 |    93 |    89 ||   260
       Confused          |       |     4 |    27 |    38 |    18 ||    87
       Invisible         |       |       |     1 |    24 |    22 ||    47
       Distracted        |       |       |       |     4 |    12 ||    16
Armor: Robe              |    12 |    14 |       |       |       ||    26
       Leather armour    |       |       |    79 |     7 |       ||    86
       Skin              |       |       |    18 |     2 |    42 ||    62
       Steam dragon scal |       |       |       |   100 |   219 ||   319
       Ring mail         |       |       |       |       |     6 ||     6
Dodge: Dodged            |    83 |    72 |   259 |   480 |   803 ||  1697
       Repelled          |       |       |       |       |     1 ||     1

Table legend: (Time is in decaauts)
 A = Elapsed time spent in this place.
 B = Non-inter-level travel time spent in this place.
 C = Inter-level travel time spent in this place.
 D = Time resting spent in this place.
 E = Time spent auto-exploring this place.
 F = Levels seen in this place.
 G = Mean time per level.
                   A        B        C        D        E       F      G
               +--------+--------+--------+--------+--------+-----+--------+
         Total |  26676 |  25589 |   1087 |   5823 |  13484 |  24 | 1111.5 |
       Dungeon |  14933 |  14317 |    616 |   3643 |   7076 |  12 | 1244.4 |
        Temple |     79 |     70 |      9 |      0 |     70 |   1 |   79.0 |
          Lair |   7765 |   7420 |    345 |   1266 |   4895 |   6 | 1294.2 |
         Swamp |    115 |    115 |      0 |      0 |     32 |   1 |  115.0 |
  Orcish Mines |   2080 |   1965 |    115 |     81 |    987 |   2 | 1040.0 |
         Sewer |    279 |    279 |      0 |      0 |    129 |   1 |  279.0 |
        Bailey |   1423 |   1423 |      0 |    833 |    293 |   1 | 1423.0 |
               +--------+--------+--------+--------+--------+-----+--------+

Top non-repeatable levels by time:
     D:8: 2712 daAuts
  Lair:6: 2066 daAuts
     D:7: 1971 daAuts
     D:9: 1905 daAuts
  Lair:5: 1630 daAuts
   Orc:2: 1602 daAuts
  Bailey: 1423 daAuts
     D:1: 1383 daAuts
     D:3: 1279 daAuts
     D:6: 1211 daAuts
  Lair:1: 1179 daAuts
     D:2: 1163 daAuts
  Lair:3: 1045 daAuts
     D:5: 1029 daAuts
     D:4: 989 daAuts
